 Dungeon Crawl Stone Soup version 0.32-a0-616-g9348d4545b (webtiles) character file.

Game seed: 17073266778596691941

12184 ezpacito the Fighter (level 11, -7/87 HPs)
             Began as a Coglin Chaos Knight on Mar 5, 2024.
             Was a Plaything of Xom.
             Mangled by a manticore (14 damage)
             ... on level 11 of the Dungeon.
             The game lasted 00:16:20 (9414 turns).

ezpacito the Fighter (Coglin Chaos Knight)          Turns: 9414, Time: 00:16:20

Health: -7/87      AC: 11    Str: 19    XL:     11   Next: 89%
Magic:  17/17      EV: 15    Int: 10    God:    Xom [..*...]
Gold:   309        SH:  0    Dex: 17    Spells: 1/18 levels left

rFire   . . .        a - +0 hand axe (chaos) {Byeongho}
rCold   + . .        s - +0 spear (venom) {Wei}
rNeg    . . .        I - +0 acid dragon scales
rPois   +            c - +0 helmet
rElec   .            A - +0 cloak
rCorr   +            E - +0 pair of gloves
SInv    .            (no boots)
Will    .....        (amulet unavailable)
Stlth   ++           (ring unavailable)
HPRegen 1.14/turn    (ring unavailable)
MPRegen 0.15/turn    (no gizmo)

%: clarity
@: revved
A: off-hand wielding, slow wielding, warmup strikes, no jewellery, agile 1,
clarity, cold resistance 1, mutation resistance 1, poison resistance,
regeneration 1, strong 1, wild magic 1
a: Invent Gizmo, Renounce Religion


You were on level 11 of the Dungeon.
You worshipped Xom.
You were a toy of Xom.
You visited 2 branches of the dungeon, and saw 12 of its levels.

You collected 750 gold pieces.
You spent 441 gold pieces at shops.

Inventory:

Hand Weapons
 a - a +0 hand axe of chaos (weapon) {Byeongho}
 g - a +0 trident
 s - a +0 spear of venom (offhand) {Wei}
 v - a +0 battleaxe
 G - a +2 dagger of chaos
Missiles
 e - 9 poisoned darts
 w - a throwing net
 F - 11 boomerangs (quivered)
Armour
 c - a +0 helmet (worn)
 h - the +5 buckler "Tinaironia" {^Drain rF+ Int+2}
   (Xom gifted it to you on level 10 of the Dungeon)

   Int+2:     It affects your intelligence (+2).
   rF+:       It protects you from fire.
   ^Drain:    It drains your maximum health when unequipped.
 j - the +0 leather armour "Fenkex" {Str+3 Dex+2}
   (You found it on level 2 of the Dungeon)

   Str+3:     It affects your strength (+3).
   Dex+2:     It affects your dexterity (+2).
 n - +0 swamp dragon scales
 x - +0 steam dragon scales
 A - a +0 cloak (worn)
 C - a +0 chain mail of fire resistance
 E - a +0 pair of gloves (worn)
 I - +0 acid dragon scales (worn)
Magical Staves
 m - a staff of air
Wands
 p - a wand of flame (39)
 y - a wand of charming (34)
 z - a wand of acid (7)
 K - a wand of roots (6)
Scrolls
 b - 3 scrolls of vulnerability
 f - a scroll of torment
 i - 6 scrolls of identify
 k - 3 scrolls of enchant weapon
 r - 2 scrolls of enchant armour
 t - 4 scrolls of teleportation
 u - 2 scrolls of immolation
 B - 5 scrolls of blinking
 D - 2 scrolls of amnesia
Potions
 d - 3 potions of mutation
 l - 2 potions of brilliance
 o - a potion of magic
 q - a potion of curing
 H - a potion of cancellation {unknown}
Miscellaneous
 J - a phantom mirror


   Skills:
 * Level 8.4 Fighting
 * Level 8.2(8.9) Axes
 + Level 4.8(6.8) Polearms
 * Level 7.2 Armour
 * Level 6.9 Dodging
 + Level 4.3 Stealth
 + Level 4.0 Spellcasting
 + Level 4.4 Alchemy
 + Level 5.4 Evocations


You had one spell level left.
You knew the following spells:

 Your Spells              Type           Power      Damage    Failure   Level
a - Magic Dart            Conj           8%         1d3       41%         1
b - Necrotise             Necr           8%         1d4       41%         1
c - Sting                 Conj/Alch      32%        1d5       19%         1
d - Summon Small Mammal   Summ           8%         N/A       41%         1
e - Searing Ray           Conj           4%         2d4       52%         2
f - Fulminant Prism       Conj/Alch      4%         3d5       85%         4
g - Apportation           Tloc           4%         N/A       41%         1
h - Teleport Other        Tloc           2%         N/A       75%         3
x - Vampiric Draining     Necr           2%         2d6       75%         3

Your spell library contained the following spells:

 Spells                   Type           Power      Damage    Failure   Level
 Jinxbite                 Hex            4%         N/A       52%         2
 Lesser Beckoning         Tloc           4%         N/A       52%         2
 Gell's Gravitas          Tloc           2%         N/A       75%         3
 Martyr's Knell           Necr/Summ      2%         N/A       98%         4
 Yara's Violent Unravell  Hex/Alch       4%         3d4       99%         5
 Curse of Agony           Necr           2%         N/A       100%        5
 Enfeeble                 Hex            1%         N/A       100%        7


Dungeon Overview and Level Annotations

Branches:
Dungeon (11/15)            Temple (1/1) D:7             Orc (0/2) D:10
   Lair: D:8-11

Altars:
Ashenzari
Cheibriados
Dithmenos
Elyvilon
Fedhas
Gozag
Hepliaklqana
Kikubaaqudgha
Makhleb
Nemelex Xobeh
Okawaru
Qazlal
Ru
Sif Muna
Trog
Uskayaw
Vehumet
Wu Jian
Xom
Yredelemnul
Zin
The Shining One

Shops:
D:1 =


Innate Abilities, Weirdness & Mutations

You can wield a second weapon in your off-hand.
It takes a long time for you to wield or remove held weapons.
Your first few attacks do less damage.
You cannot equip rings or amulets.
You are agile. (Dex +4, Str/Int -1)
You possess an exceptional clarity of mind.
Your flesh is cold resistant. (rC+)
You are somewhat resistant to further mutation.
Your system is resistant to poisons. (rPois)
Your natural rate of healing is unusually fast.
Your muscles are strong. (Str +4, Int/Dex -1)
Your spells are a little harder to cast, but a little more powerful.


Message History

You take 4 damage, and have 50/87 hp.
You hit the manticore but do no damage.
The manticore is heavily wounded.
You barely miss the manticore with your +0 spear of venom.
The manticore bites you but does no damage.
The manticore barely misses you. x2
You closely miss the manticore with your +0 spear of venom.
The manticore is heavily wounded.
You slash the manticore with your +0 hand axe of chaos!
You feel better. The manticore bites you. The manticore barely misses you.
The manticore claws you!
The manticore bites you but does no damage.
The manticore barely misses you.
The manticore claws you but does no damage.
You take 6 damage, and have 45/87 hp.
You hit the manticore with your +0 hand axe of chaos.
You freeze the manticore.
The manticore is severely wounded.
You hit the manticore but do no damage.
The manticore bites you but does no damage.
The manticore claws you! x2
You take 13 damage, and have 32/87 hp.
You hit the manticore but do no damage.
The manticore looks as sick as possible!
The manticore is severely wounded.
You closely miss the manticore with your +0 hand axe of chaos.
The manticore bites you but does no damage.
The manticore claws you!
* * * LOW HITPOINT WARNING * * *
The manticore claws you!
* * * LOW HITPOINT WARNING * * *
You take 26 damage, and have 6/87 hp.
MASSIVE DAMAGE!!
You hit the manticore with your +0 hand axe of chaos.
You burn the manticore.
The manticore is severely wounded.
You hit the manticore but do no damage.
The manticore looks as sick as possible!
The manticore barely misses you. The manticore closely misses you.
The manticore claws you!
You die...

#....#...#..........
#....#...#..........
#....#...#......#)..
#####..!.#...#......#...
.........#####......#...
....#....#...#......#...
....#....#...#......#...
... #....#...#......#...
.. #..@.#..........#...
#..H.#...#......#...
.......#...#......#...
....######...########...
.... #...# #... ...
#...# #... ## #...# #...
##### #... #...


You could see a neutral manticore (fast, strong, frenzied, extremely poisoned).

Vanquished Creatures
  Harold (D:9)
  2 two-headed ogres
  A deep elf pyromancer (D:10)
  Maurice (D:8)
  Maggie (D:7)
  2 trolls
  Grinder (D:5)
  A wind drake (D:9)
  2 shadows (D:11)
  7 yaks (D:9)
  A fire bat (D:10)
  3 wargs (D:10)
  A wyvern (D:10)
  2 steam dragons
  3 vampire mosquitoes (D:11)
  An acid dragon (D:8)
  2 water moccasins
  Duvessa (D:5)
  A black bear (D:6)
  2 orc warriors
  An ice beast (D:7)
  2 ogres
  3 centaurs
  A phantom (D:4)
  2 bullfrogs
  A kobold brigand (D:9)
  13 scorpions
  19 killer bees
  5 howler monkeys
  A crimson imp (D:9)
  A jelly (D:7)
  8 orc priests
  Crazy Yiuf (D:4)
  4 hounds
  6 iguanas
  Jessica (D:2)
  2 gnoll boudas
  Terence (D:2)
  6 orc wizards
  3 sleepcaps
  Robin (D:2)
  8 gnolls
  8 adders
  A shadow imp (D:6)
  A white imp (D:6)
  2 ufetubi (D:6)
  A ribbon worm (D:3)
  24 orcs
  4 bats
  9 endoplasms
  8 giant cockroaches
  14 goblins
  7 hobgoblins
  5 quokkas
  5 ball pythons
  5 frilled lizards
  5 kobolds
  4 rats
229 creatures vanquished.

Vanquished Creatures (collateral kills)
  A troll (D:6)
  Sigmund (D:2)
  3 yaks (D:9)
  2 sky beasts (D:6)
  A centaur (D:6)
  2 bullfrogs (D:6)
  2 killer bees (D:8)
  A bombardier beetle (D:6)
  A jelly (D:6)
  An orc priest (D:11)
  A hound (D:5)
  2 iguanas (D:6)
  An adder (D:6)
  An orc (D:6)
20 creatures vanquished.

Grand Total: 249 creatures vanquished

Notes
Turn   | Place    | Note
-------+----------+-------------------------------------------
     0 | D:1      | ezpacito the Coglin Chaos Knight began the quest for the
                  | Orb.
     0 | D:1      | Reached XP level 1. HP: 18/18 MP: 1/1
   154 | D:1      | Reached skill level 1 in Dodging
   168 | D:1      | XOM: silly message
   213 | D:1      | Reached XP level 2. HP: 24/24 MP: 2/2
   313 | D:1      | Found Qoeheuj's Jewellery Shoppe.
   542 | D:1      | XOM: silly message
   666 | D:1      | XOM is BORED!
   666 | D:1      | XOM: silly message
   781 | D:2      | Noticed Sigmund
   785 | D:2      | XOM: summons friendly shadow imp
   786 | D:2      | XOM: butterfly on damage
   793 | D:2      | Killed Sigmund
   794 | D:2      | Reached skill level 1 in Polearms
   794 | D:2      | Reached skill level 1 in Spellcasting
   794 | D:2      | Reached XP level 3. HP: 11/30 MP: 2/4
   794 | D:2      | Reached XP level 4. HP: 13/37 MP: 2/5
   794 | D:2      | Reached XP level 5. HP: 15/42 MP: 2/6
   945 | D:2      | Reached skill level 1 in Stealth
   947 | D:2      | Noticed Terence
   955 | D:2      | Killed Terence
  1091 | D:2      | Noticed Robin
  1091 | D:2      | XOM: 7-stop teleportation journey
  1162 | D:2      | Killed Robin
  1163 | D:2      | Reached XP level 6. HP: 47/48 MP: 7/7
  1419 | D:2      | Noticed Jessica
  1428 | D:2      | Killed Jessica
  1465 | D:2      | Identified the +0 leather armour "Fenkex" {Str+3 Dex+2}
  1586 | D:2      | Found a faded altar of an unknown god.
  2069 | D:3      | XOM: 1-stop teleportation journey
  2127 | D:3      | Found a shadowy altar of Dithmenos.
  2319 | D:3      | XOM: noise
  2367 | D:3      | Found a sacrificial altar of Ru.
  2416 | D:3      | XOM: noise
  2737 | D:4      | Reached XP level 7. HP: 52/55 MP: 9/9
  2858 | D:4      | You fall into a shaft and drop 1 floor!
  2858 | D:5      | Entered Level 5 of the Dungeon
  3160 | D:4      | XOM: divination: detect items
  3315 | D:4      | Found a runed translucent door.
  3316 | D:4      | Noticed Crazy Yiuf
  3833 | D:4      | Killed Crazy Yiuf
  3893 | D:4      | XOM: give mutations
  3893 | D:4      | Gained mutation: You occasionally lose the ability to drink
                  | potions when taking damage. [Xom's mischief]
  3893 | D:4      | Gained mutation: Armour fits poorly on your strangely
                  | shaped body. [Xom's mischief]
  3893 | D:4      | Gained mutation: You are agile. (Dex +4, Str/Int -1) [Xom's
                  | mischief]
  3913 | D:5      | Lost mutation: Armour fits poorly on your strangely shaped
                  | body. [potion of mutation]
  3913 | D:5      | Lost mutation: You occasionally lose the ability to drink
                  | potions when taking damage. [potion of mutation]
  3913 | D:5      | Lost mutation: You are agile. (Dex +4, Str/Int -1) [potion
                  | of mutation]
  3913 | D:5      | Gained mutation: You are agile. (Dex +4, Str/Int -1)
                  | [potion of mutation]
  3913 | D:5      | Gained mutation: Your natural rate of healing is unusually
                  | fast. [potion of mutation]
  3949 | D:5      | Found Gygegis's Magic Scroll Shoppe.
  3955 | D:5      | Bought a scroll of enchant armour for 97 gold pieces
  3955 | D:5      | Bought a scroll of immolation for 52 gold pieces
  3977 | D:5      | Reached XP level 8. HP: 45/61 MP: 10/10
  4000 | D:5      | XOM: smoke on damage
  4013 | D:5      | XOM: god gift: falchion {god gift}
  4086 | D:5      | Noticed Duvessa
  4086 | D:5      | Noticed Dowan
  4092 | D:5      | Dowan changed into Dowan the centaur
  4092 | D:5      | Noticed Dowan
  4102 | D:5      | Killed Dowan the centaur
  4103 | D:5      | Killed Duvessa
  4104 | D:5      | Reached skill level 5 in Fighting
  4214 | D:5      | Noticed Grinder
  4245 | D:5      | Killed Grinder
  4246 | D:5      | Reached skill level 5 in Axes
  4497 | D:5      | Learned a level 1 spell: Apportation
  4499 | D:5      | Learned a level 1 spell: Magic Dart
  4501 | D:5      | Learned a level 1 spell: Necrotise
  4503 | D:5      | Learned a level 1 spell: Sting
  4505 | D:5      | Learned a level 1 spell: Summon Small Mammal
  4508 | D:5      | Learned a level 2 spell: Searing Ray
  4513 | D:5      | Learned a level 4 spell: Fulminant Prism
  4630 | D:6      | XOM: divination: detect creatures
  4778 | D:6      | Noticed a troll
  4778 | D:6      | XOM: 9-stop teleportation journey
  4790 | D:6      | Reached skill level 1 in Alchemy
  4790 | D:6      | Reached skill level 1 in Evocations
  4790 | D:6      | Reached XP level 9. HP: 44/68 MP: 12/12
  4864 | D:6      | XOM: give mutation
  4864 | D:6      | Gained mutation: You are somewhat resistant to further
                  | mutation. [Xom's grace]
  5109 | D:6      | XOM: cleaving
  5115 | D:6      | XOM: cast spell 'Summon Dragon'
  5120 | D:6      | Killed a troll
  5129 | D:6      | Reached skill level 5 in Armour
  5583 | D:5      | Bought 3 scrolls of identify for 78 gold pieces
  5583 | D:5      | Bought a scroll of identify for 26 gold pieces
  5583 | D:5      | Bought a scroll of identify for 26 gold pieces
  5616 | D:6      | XOM: give mutation
  5616 | D:6      | Gained mutation: Your spells are a little harder to cast,
                  | but a little more powerful. [Xom's mischief]
  5658 | D:7      | XOM: potion effect (invisibility)
  5662 | D:7      | Reached skill level 5 in Dodging
  5744 | D:7      | Reached XP level 10. HP: 77/77 MP: 14/14
  5847 | D:7      | Noticed Maggie
  5855 | D:7      | XOM: potion effect (curing)
  5869 | D:7      | Killed Maggie
  5871 | D:7      | XOM: 1-stop teleportation journey
  6136 | D:7      | XOM: cast spell 'Cause Fear'
  6229 | D:7      | Found a staircase to the Ecumenical Temple.
  6308 | Temple   | Entered the Ecumenical Temple
  6394 | D:8      | XOM: cleaving
  6688 | D:8      | XOM: 4-stop teleportation journey
  6839 | D:8      | Noticed Maurice
  6841 | D:8      | XOM: enchant monster (good)
  6854 | D:8      | Something stole 6 boomerangs
  6861 | D:8      | Killed Maurice
  6873 | D:8      | XOM: silly message
  6920 | D:8      | Noticed a two-headed ogre
  6927 | D:8      | Killed a two-headed ogre
  6969 | D:8      | XOM: cloud trail
  7334 | D:5      | Bought a scroll of blinking for 97 gold pieces
  7334 | D:5      | Bought a scroll of identify for 26 gold pieces
  7334 | D:5      | Bought a scroll of teleportation for 39 gold pieces
  7510 | D:9      | XOM: butterfly on damage
  7607 | D:9      | XOM: noise
  7650 | D:9      | Noticed Joseph
  7651 | D:9      | Joseph changed into Joseph the wind drake
  7651 | D:9      | Noticed Joseph
  7651 | D:9      | XOM: polymorph Joseph -> Joseph the wind drake
  7659 | D:9      | Killed Joseph the wind drake
  7660 | D:9      | Reached XP level 11. HP: 59/84 MP: 16/16
  7767 | D:9      | XOM: 1-stop teleportation journey
  7774 | D:9      | XOM: divination: detect items
  7778 | D:9      | XOM: 6-stop teleportation journey
  7787 | D:9      | Found a runed translucent door.
  7812 | D:9      | Found a runed translucent door.
  7941 | D:9      | Noticed Harold
  7950 | D:9      | Killed Harold
  8119 | D:9      | Found a shimmering altar of Xom.
  8120 | D:9      | Found a burning altar of Makhleb.
  8443 | D:10     | Entered Level 10 of the Dungeon
  8462 | D:10     | Identified the +5 buckler "Tinaironia" {^Drain rF+ Int+2}
                  | (Xom gifted it to you on level 10 of the Dungeon)
  8462 | D:10     | XOM: god gift: +5 buckler "Tinaironia" {^Drain rF+ Int+2}
  8542 | D:10     | Noticed a deep elf pyromancer
  8546 | D:10     | XOM: 2-stop teleportation journey
  8612 | D:10     | Killed a deep elf pyromancer
  8613 | D:10     | Reached skill level 5 in Evocations
  8672 | D:10     | Found a staircase to the Orcish Mines.
  8709 | D:10     | Learned a level 3 spell: Vampiric Draining
  8713 | D:10     | Learned a level 3 spell: Teleport Other
  8826 | D:10     | XOM: give mutations
  8826 | D:10     | Gained mutation: You possess an exceptional clarity of
                  | mind. [Xom's grace]
  8826 | D:10     | Gained mutation: Your system is resistant to poisons.
                  | (rPois) [Xom's grace]
  8826 | D:10     | Gained mutation: Your muscles are strong. (Str +4, Int/Dex
                  | -1) [Xom's grace]
  8826 | D:10     | Gained mutation: Your flesh is cold resistant. (rC+) [Xom's
                  | grace]
  8981 | D:10     | XOM: god gift: potion of curing
  9004 | D:10     | XOM: fog
  9125 | D:10     | XOM: god gift: phantom mirror
  9198 | D:11     | Noticed a two-headed ogre
  9198 | D:11     | XOM: 5-stop teleportation journey
  9209 | D:11     | XOM: god gift: 35 gold pieces
  9256 | D:11     | XOM: enchant monster (good)
  9327 | D:11     | XOM: potion effect (berserk rage)
  9334 | D:11     | Killed a two-headed ogre
  9397 | D:11     | Noticed a manticore
  9405 | D:11     | XOM: silly message
  9414 | D:11     | Mangled by a manticore

Illustrated notes

Levels and vault maps discovered:
D:1:      onia_arrival_mini_maze, layout_loops_ring, serial_shops,
          nicolae_shop_hallway_stairs
D:2:      layout_loops_ring, serial_bayou, serial_bayou_pond_b,
          serial_bayou_shore_b, serial_bayou_ford_a, serial_bayou_pond_a,
          basic_ecumenical_altar, uniq_sigmund, uniq_robin, uniq_terence,
          uniq_jessica
D:3:      layout_basic, amcnicky_altar_gilded,
          mainiacjoe_overflow_six_doors_small, hangedman_feature_mirror
D:4:      layout_loops_ring, corexii_shack, uniq_crazy_yiuf_cottage
D:5:      layout_basic, serial_shops, shop_statue, columned_hall_lemuel,
          uniq_duvessa, uniq_grinder
D:6:      minmay_thinvault, layout_basic
D:7:      layout_rooms, minmay_temple_entry_wispy, uniq_maggie
D:8:      layout_gridville, uniq_maurice
D:9:      lemuel_insect_pit, layout_long_grid,
          grunt_temple_overflow_champion_of_chaos, uniq_joseph, uniq_harold
D:10:     layout_rooms, david_orc_1_choice
D:11:     layout_grid_maze, david_lair_shrubbed
Temple:   regret_index_temple_chain_breaker

Skill      XL: |  1  2  3  4  5  6  7  8  9 10 11 |
---------------+----------------------------------+-----
Dodging        | 1 2 3 4 5 6 |  6.9
Polearms       | 1 2 3 4 |  4.8
Armour         | 2 3 4 5 6 7 |  7.2
Spellcasting   | 1 2 3 4 |  4.0
Stealth        | 1 2 3 4 |  4.3
Fighting       | 4 5 6 7 8 |  8.4
Axes           | 4 5 6 7 8 |  8.2
Alchemy        | 1 2 3 4 |  4.4
Evocations     | 1 3 4 5 |  5.4

Action                     |  1- 3 |  4- 6 |  7- 9 | 10-12 || total
---------------------------+-------+-------+-------+-------++-------
  Melee: Hand axe          |    30 |   100 |   197 |   339 ||   666
         Dagger            |    27 |    32 |       |       ||    59
         Spear             |       |    74 |   222 |   353 ||   649
  Evoke: Wand              |       |       |       |    13 ||    13
    Use: Potion            |     1 |     1 |     7 |     3 ||    12
         Scroll            |       |     6 |     4 |     7 ||    17
   Stab: Sleeping          |     1 |     1 |     4 |     3 ||     9
         Distracted        |       |     1 |       |     4 ||     5
         Paralysed         |       |       |     4 |     5 ||     9
         Petrified         |       |       |     4 |     6 ||    10
         Confused          |       |       |     4 |    10 ||    14
         Petrifying        |       |       |     1 |     4 ||     5
         Invisible         |       |       |    13 |     1 ||    14
         Fleeing           |       |       |       |     1 ||     1
         Held in net/web   |       |       |       |     1 ||     1
 Armour: Leather armour    |    23 |    50 |   156 |    33 ||   262
         Chain mail        |       |    14 |       |       ||    14
         Swamp dragon scal |       |       |       |   187 ||   187
         Acid dragon scale |       |       |       |    56 ||    56
  Dodge: Dodged            |     9 |    47 |   186 |   291 ||   533

Table legend: (Time is in decaauts)
 A = Elapsed time spent in this place.
 B = Non-inter-level travel time spent in this place.
 C = Inter-level travel time spent in this place.
 D = Time resting spent in this place.
 E = Time spent auto-exploring this place.
 F = Levels seen in this place.
 G = Mean time per level.
                   A        B        C        D        E       F      G
               +--------+--------+--------+--------+--------+-----+--------+
         Total |   9371 |   8634 |    737 |    602 |   6100 |  12 |  780.9 |
       Dungeon |   9369 |   8633 |    736 |    602 |   6100 |  11 |  851.7 |
        Temple |      1 |      1 |      0 |      0 |      0 |   1 |    1.0 |
               +--------+--------+--------+--------+--------+-----+--------+

Top non-repeatable levels by time:
     D:4: 1151 daAuts
     D:6: 1146 daAuts
     D:2: 1026 daAuts
     D:8: 965 daAuts
     D:9: 950 daAuts
     D:5: 876 daAuts
     D:1: 862 daAuts
     D:7: 736 daAuts
    D:10: 713 daAuts
     D:3: 696 daAuts
    D:11: 243 daAuts
  Temple: 1 daAuts
